[Event "49th Rilton Cup 2019-20"]
[Site "Stockholm"]
[Date "2019.12.30"]
[Round "4.10"]
[White "Nesterov, Arseniy"]
[Black "Sidhant, Mohapatra"]
[Result "1-0"]
[ECO "D11"]
[WhiteElo "2482"]
[BlackElo "2338"]
[Annotator "ChessBase"]
[PlyCount "77"]
[EventDate "2019.12.27"]
[EventType "swiss"]
[EventCountry "SWE"]
[SourceTitle "playchess.com"]
[Source "ChessBase"]
[SourceQuality "1"]
[TimeControl "40/5400+30:1800+30"]

1. d4 d5 2. c4 c6 3. Nf3 Nf6 4. g3 Bg4 5. Ne5 Bf5 6. cxd5 cxd5 7. Nc3 Nc6 8. f3 Bd7 9. Bg2 e6 10. Nxd7 Qxd7 11. O-O Be7 12. Be3 O-O 13. Bf2 Rfd8 14. Qd3 Rac8 15. Rac1 Qc7 16. e3 Qb8 17. Rfd1 a6 18. Ne2 b5 19. Kh1 Rd7 20. e4 Rdc7 21. e5 Nd7 22. f4 g6 23. g4 Nb6 24. f5 Bg5 25. Rb1 Nb4 26. Qb3 Rc4 27. f6 a5 28. h4 Bh6 29. a3 a4 30. Qh3 Rc2 31. Bf3 Nc6 32. g5 Bf8 33. h5 Nd8 34. hxg6 fxg6 35. Bg4 R8c6 36. Rdc1 Qc8 37. Rxc2 Rxc2 38. Kg2 h6 39. Qd3 1-0

[Event "49th Rilton Cup 2019-20"]
[Site "Stockholm"]
[Date "2019.12.30"]
[Round "4.11"]
[White "Volkov, Sergey"]
[Black "Del Rey, Diego"]
[Result "1-0"]
[ECO "E42"]
[WhiteElo "2578"]
[BlackElo "2374"]
[Annotator "ChessBase"]
[PlyCount "113"]
[EventDate "2019.12.27"]
[EventType "swiss"]
[EventCountry "SWE"]
[SourceTitle "playchess.com"]
[Source "ChessBase"]
[SourceQuality "1"]
[TimeControl "40/5400+30:1800+30"]

1. d4 Nf6 2. c4 e6 3. Nc3 Bb4 4. e3 c5 5. Nge2 cxd4 6. exd4 O-O 7. a3 Be7 8. b4 b6 9. d5 exd5 10. cxd5 Re8 11. g3 Bb7 12. Bg2 a5 13. b5 Bc5 14. O-O d6 15. Nd4 Bxd4 16. Qxd4 Nbd7 17. Bg5 h6 18. Bf4 Ne5 19. Na4 Nfd7 20. Bxe5 Rxe5 21. Rac1 Rc8 22. Rc6 Bxc6 23. dxc6 Nc5 24. Nc3 Ne6 25. Qd3 Nc7 26. f4 Rc5 27. Rb1 d5 28. Na4 Qd6 29. Nxc5 Qxc5+ 30. Kh1 a4 31. Re1 Rd8 32. Bf1 d4 33. Re5 Qd6 34. Bg2 g6 35. h4 h5 36. Kh2 Kf8 37. Bf3 Kg7 38. Kg2 Ra8 39. Kf2 Ra5 40. Be2 Ra8 41. Bf3 Rd8 42. Bg2 Kf8 43. Bh3 Re8 44. Rxe8+ Kxe8 45. f5 Kd8 46. fxg6 fxg6 47. Bf1 Ne8 48. Ke1 Kc7 49. Kd1 Qf6 50. Be2 Nd6 51. Qc2 Qf5 52. Qxf5 Nxf5 53. Bd3 Nd6 54. Ke2 Kd8 55. Kf3 Ke7 56. Kf4 Kf6 57. c7 1-0

[Event "49th Rilton Cup 2019-20"]
[Site "Stockholm"]
[Date "2019.12.30"]
[Round "4.12"]
[White "Meshkovs, Nikita"]
[Black "Koykka, Pekka"]
[Result "1-0"]
[ECO "A06"]
[WhiteElo "2558"]
[BlackElo "2372"]
[Annotator "ChessBase"]
[PlyCount "95"]
[EventDate "2019.12.27"]
[EventType "swiss"]
[EventCountry "SWE"]
[SourceTitle "playchess.com"]
[Source "ChessBase"]
[SourceQuality "1"]
[TimeControl "40/5400+30:1800+30"]

1. Nf3 d5 2. g3 Nc6 3. d4 Bg4 4. Bg2 e6 5. Nbd2 Nf6 6. O-O Bd6 7. c4 O-O 8. b3 Ne4 9. Bb2 f5 10. Ne1 Qg5 11. Nxe4 fxe4 12. f3 Bf5 13. Qc1 Qg6 14. Qe3 h5 15. fxe4 dxe4 16. Nc2 Be7 17. Ba3 Bg5 18. Qc3 Rfd8 19. Rad1 Rd7 20. Ne3 Rad8 21. Nxf5 exf5 22. d5 Bf6 23. Qe3 Ne5 24. Bh3 Ng4 25. Qf4 Rf7 26. Bxg4 hxg4 27. Kh1 Bg5 28. Qe5 Qa6 29. Bc1 Bf6 30. Qxf5 Qxa2 31. Qxg4 Qxb3 32. Qxe4 b5 33. cxb5 Qxb5 34. Rd3 Re7 35. Qf3 Rde8 36. Re1 Re4 37. Bf4 Qa5 38. Bd2 Qa2 39. g4 Qc4 40. g5 Be7 41. Rc1 Qa4 42. g6 Bf6 43. Re3 Rh4 44. Rxe8+ Qxe8 45. d6 cxd6 46. Qf5 Bd8 47. Rc8 Rd4 48. Qe6+ 1-0

[Event "49th Rilton Cup 2019-20"]
[Site "Stockholm"]
[Date "2019.12.30"]
[Round "4.13"]
[White "Kaasen, Tor Fredrik"]
[Black "Schoppen, Casper"]
[Result "1-0"]
[ECO "B90"]
[WhiteElo "2385"]
[BlackElo "2507"]
[Annotator "ChessBase"]
[PlyCount "69"]
[EventDate "2019.12.27"]
[EventType "swiss"]
[EventCountry "SWE"]
[SourceTitle "playchess.com"]
[Source "ChessBase"]
[SourceQuality "1"]
[TimeControl "40/5400+30:1800+30"]

1. e4 c5 2. Nf3 d6 3. d4 cxd4 4. Nxd4 Nf6 5. Nc3 a6 6. h3 e6 7. g4 h6 8. Bg2 Nc6 9. Nxc6 bxc6 10. e5 dxe5 11. Qxd8+ Kxd8 12. Bxc6 Rb8 13. b3 Kc7 14. Bg2 Bb4 15. Bb2 Rd8 16. a3 Bc5 17. Ne2 Nd7 18. f4 exf4 19. Nxf4 Nf6 20. Be5+ Bd6 21. Nd3 Ne8 22. Bc3 Kd7 23. Ne5+ Bxe5 24. Bxe5 Rb5 25. O-O-O+ Ke7 26. Rxd8 Kxd8 27. Rd1+ Ke7 28. Bc3 f6 29. Bb4+ Rxb4 30. axb4 g5 31. c4 Nd6 32. Bc6 f5 33. b5 axb5 34. c5 Nf7 35. Bxb5 1-0

[Event "49th Rilton Cup 2019-20"]
[Site "Stockholm"]
[Date "2019.12.30"]
[Round "4.14"]
[White "Santarius, Erik"]
[Black "Valsecchi, Alessio"]
[Result "1-0"]
[ECO "D38"]
[WhiteElo "2382"]
[BlackElo "2503"]
[Annotator "RC"]
[PlyCount "65"]
[EventDate "2019.12.27"]
[EventType "swiss"]
[EventCountry "SWE"]
[SourceTitle "playchess.com"]
[Source "ChessBase"]
[SourceQuality "1"]
[TimeControl "40/5400+30:1800+30"]

1. d4 d5 2. Nf3 Nf6 3. c4 e6 4. Nc3 Bb4 5. Qa4+ Nc6 6. Bg5 h6 7. Bxf6 Qxf6 8. cxd5 exd5 9. e3 O-O 10. Rc1 Qg6 11. Nh4 Qf6 12. Nf3 Qg6 13. Nh4 Qg4 14. Nf3 Be6 15. h3 Qg6 16. Qd1 a6 17. Bd3 Qf6 18. O-O Rfe8 19. a3 Bd6 20. Na4 Rad8 21. Nc5 Bc8 22. b4 g5 23. Nh2 a5 24. Ng4 Qg7 25. Qf3 f5 26. Bxf5 Rf8 27. Be6+ Kh8 28. Qd1 h5 29. Bxc8 Rxc8 30. Nxb7 hxg4 31. Rxc6 g3 32. Nxd6 gxf2+ 33. Rxf2 1-0

[Event "49th Rilton Cup 2019-20"]
[Site "Stockholm"]
[Date "2019.12.30"]
[Round "4.16"]
[White "Oratovsky, Michael"]
[Black "Ippolito, Dean"]
[Result "1-0"]
[ECO "C50"]
[WhiteElo "2423"]
[BlackElo "2356"]
[Annotator "NA"]
[PlyCount "95"]
[EventDate "2019.12.27"]
[EventType "swiss"]
[EventCountry "SWE"]
[SourceTitle "playchess.com"]
[Source "ChessBase"]
[SourceQuality "1"]
[TimeControl "40/5400+30:1800+30"]

1. e4 e5 2. Bc4 Nf6 3. d3 Nc6 4. Nf3 Bc5 5. c3 a6 6. Nbd2 O-O 7. Bb3 Ba7 8. h3 d6 9. Nf1 d5 10. exd5 Nxd5 11. Ng3 Be6 12. O-O f6 13. Be3 Bxe3 14. fxe3 Kh8 15. Qd2 Qe8 16. d4 Qg6 17. Qf2 exd4 18. exd4 Rae8 19. Nh4 Qg5 20. Ne4 Qh5 21. Nc5 Bc8 22. g4 Bxg4 23. hxg4 Qxg4+ 24. Qg2 Qxh4 25. Bxd5 f5 26. Ne6 Rf7 27. Ng5 Rf6 28. Nf3 Qh5 29. Rae1 Rd8 30. Bxc6 Rg6 31. Ne5 Rxg2+ 32. Bxg2 c6 33. Re3 Kg8 34. Ref3 g6 35. R1f2 Qg5 36. Re2 h5 37. Nd3 h4 38. Kf2 Qf6 39. Bh3 Qd6 40. Re5 Qf6 41. Nf4 Qf7 42. Re6 Re8 43. Rxg6+ Kh7 44. Rg5 Qxa2 45. Bxf5+ Kh8 46. Ng6+ Kg7 47. Ne5+ Kh8 48. Bc2 1-0

[Event "49th Rilton Cup 2019-20"]
[Site "Stockholm"]
[Date "2019.12.30"]
[Round "4.17"]
[White "Hobber, Anders"]
[Black "Savanovic, Aleksandar"]
[Result "1-0"]
[ECO "D00"]
[WhiteElo "2357"]
[BlackElo "2420"]
[Annotator "NA"]
[PlyCount "95"]
[EventDate "2019.12.27"]
[EventType "swiss"]
[EventCountry "SWE"]
[SourceTitle "playchess.com"]
[Source "ChessBase"]
[SourceQuality "1"]
[TimeControl "40/5400+30:1800+30"]

1. d4 d5 2. Bf4 Nf6 3. e3 c5 4. c3 Nc6 5. Nd2 cxd4 6. exd4 Bf5 7. Ngf3 e6 8. Be2 Bd6 9. Bxd6 Qxd6 10. O-O O-O 11. Re1 Rfc8 12. Nb3 Rab8 13. a4 Nd7 14. Bd3 Ne7 15. Nc1 a5 16. Bb5 Nc6 17. h3 Nb6 18. Nb3 Ra8 19. Nc5 Rc7 20. Nh4 Bg6 21. Nxg6 hxg6 22. Qb3 Nd7 23. Nxd7 Rxd7 24. Re3 Rc7 25. Rae1 Ne7 26. Bd3 Nf5 27. Re5 Qd8 28. g3 Nd6 29. h4 Nc4 30. Bxc4 Rxc4 31. Qd1 Rac8 32. Qg4 Qf6 33. R1e3 Rxa4 34. Rxd5 Rd8 35. Rb5 Rd7 36. Ree5 b6 37. Qe4 Rd6 38. Qa8+ Kh7 39. h5 Ra1+ 40. Kg2 Rd1 41. hxg6+ fxg6 42. Qe8 Rd5 43. Rbxd5 exd5 44. Qc8 g5 45. Qh3+ Qh6 46. Qf5+ Qg6 47. Qxg6+ Kxg6 48. Rxd5 1-0

[Event "49th Rilton Cup 2019-20"]
[Site "Stockholm"]
[Date "2019.12.30"]
[Round "4.18"]
[White "Rathanvel, V S"]
[Black "Dragicevic, Drazen"]
[Result "1-0"]
[ECO "B15"]
[WhiteElo "2411"]
[BlackElo "2294"]
[Annotator "NA"]
[PlyCount "93"]
[EventDate "2019.12.27"]
[EventType "swiss"]
[EventCountry "SWE"]
[SourceTitle "playchess.com"]
[Source "ChessBase"]
[SourceQuality "1"]
[TimeControl "40/5400+30:1800+30"]

1. e4 c6 2. Nc3 d5 3. d4 dxe4 4. Nxe4 Nf6 5. Nxf6+ exf6 6. Nf3 Bd6 7. Be2 O-O 8. O-O Qc7 9. h3 Rd8 10. c3 Nd7 11. Qc2 Nf8 12. Be3 Be6 13. Rfe1 Qd7 14. Bf1 Rac8 15. Rad1 Bb8 16. c4 h5 17. Bc1 Qd6 18. Re3 Ng6 19. c5 Qd7 20. Rxe6 Qxe6 21. Bc4 Rd5 22. Qb3 Qd7 23. Bxd5 cxd5 24. Re1 Ne7 25. g3 g5 26. h4 g4 27. Nh2 f5 28. Qe3 Ng6 29. Qg5 Re8 30. Rxe8+ Qxe8 31. Nf1 Bc7 32. Qxf5 Kg7 33. Qxd5 Qe1 34. Bd2 Qe2 35. Qxh5 Qe4 36. Bh6+ Kg8 37. Bd2 Qxd4 38. Bc3 Qe4 39. Qg5 Kf8 40. h5 Ne5 41. Bxe5 Bxe5 42. h6 Bxb2 43. Ne3 Bc1 44. Qd8+ Qe8 45. Qd4 Bxe3 46. fxe3 Qb5 47. Qd8+ 1-0

[Event "49th Rilton Cup 2019-20"]
[Site "Stockholm"]
[Date "2019.12.30"]
[Round "4.19"]
[White "Abdrlauf, Elham"]
[Black "Haug, Johannes"]
[Result "1/2-1/2"]
[ECO "A06"]
[WhiteElo "2328"]
[BlackElo "2407"]
[Annotator "NA"]
[PlyCount "70"]
[EventDate "2019.12.27"]
[EventType "swiss"]
[EventCountry "SWE"]
[SourceTitle "playchess.com"]
[Source "ChessBase"]
[SourceQuality "1"]
[TimeControl "40/5400+30:1800+30"]

1. Nf3 d5 2. e3 Nf6 3. c4 e6 4. b3 b6 5. Nc3 g6 6. d4 Bg7 7. Ba3 Bb7 8. Rc1 a6 9. Be2 Nbd7 10. O-O Bf8 11. Bxf8 Kxf8 12. Ne5 Kg7 13. Qc2 Rc8 14. Rfd1 Qe7 15. Nxd7 Qxd7 16. Bf3 Rhd8 17. b4 Bc6 18. c5 a5 19. a3 axb4 20. axb4 bxc5 21. dxc5 Rb8 22. Rb1 e5 23. b5 Rxb5 24. Nxb5 Bxb5 25. Qc3 d4 26. exd4 e4 27. c6 Qf5 28. g4 Qg5 29. Qe3 Qxe3 30. fxe3 Ba4 31. Be2 Bxd1 32. Bxd1 Nd5 33. Rb7 Nxe3 34. Bb3 Nd5 35. Bd1 Ne3 1/2-1/2

[Event "49th Rilton Cup 2019-20"]
[Site "Stockholm"]
[Date "2019.12.30"]
[Round "4.20"]
[White "Lindberg, Bengt"]
[Black "Bruaset, Eivind"]
[Result "1/2-1/2"]
[ECO "C17"]
[WhiteElo "2401"]
[BlackElo "2217"]
[Annotator "NA RC"]
[PlyCount "84"]
[EventDate "2019.12.27"]
[EventType "swiss"]
[EventCountry "SWE"]
[SourceTitle "playchess.com"]
[Source "ChessBase"]
[SourceQuality "1"]
[TimeControl "40/5400+30:1800+30"]

1. e4 e6 2. d4 d5 3. Nc3 Bb4 4. e5 c5 5. a3 Ba5 6. b4 cxd4 7. Qg4 Kf8 8. Nb5 Bb6 9. Nf3 Nc6 10. Bf4 a5 11. Bd3 axb4 12. O-O bxa3 13. Rfb1 Bc5 14. Ng5 g6 15. Qf3 Qd7 16. h4 h6 17. Nxe6+ Qxe6 18. Nc7 Qg4 19. Qxg4 Bxg4 20. Nxa8 Nb4 21. Bd2 Nxd3 22. cxd3 Ne7 23. Bb4 Bxb4 24. Rxb4 Nc6 25. Rxb7 Nxe5 26. Rxa3 Bf5 27. Nb6 Kg7 28. Raa7 Be6 29. Ra3 g5 30. h5 Rd8 31. f3 Rd6 32. Na4 Rc6 33. Rb1 Bf5 34. Re1 Nxd3 35. Rd1 Nf4 36. Rd2 d3 37. Raa2 d4 38. g3 Ne2+ 39. Kf2 Nc3 40. Ra3 Ra6 41. Rxc3 dxc3 42. Nxc3 Rc6 1/2-1/2

[Event "49th Rilton Cup 2019-20"]
[Site "Stockholm"]
[Date "2019.12.30"]
[Round "4.21"]
[White "Ajay Krishna, S."]
[Black "Schekachikhin, Maksim"]
[Result "1-0"]
[ECO "E19"]
[WhiteElo "2302"]
[BlackElo "2389"]
[Annotator "NA"]
[PlyCount "73"]
[EventDate "2019.12.27"]
[EventType "swiss"]
[EventCountry "SWE"]
[SourceTitle "playchess.com"]
[Source "ChessBase"]
[SourceQuality "1"]
[TimeControl "40/5400+30:1800+30"]

1. Nf3 Nf6 2. c4 e6 3. g3 a6 4. Bg2 b5 5. O-O bxc4 6. Qa4 Bb7 7. Qxc4 c5 8. d4 cxd4 9. Qxd4 Be7 10. Nc3 d5 11. Bf4 O-O 12. Rac1 Nc6 13. Qa4 Rc8 14. e4 Nb4 15. Rcd1 Qe8 16. Qxe8 Rfxe8 17. exd5 Nbxd5 18. Be5 Nxc3 19. Bxc3 Bd5 20. Nd2 Bxg2 21. Kxg2 Nd5 22. Bd4 Rc2 23. Ne4 Rec8 24. Nc3 Nb4 25. Rc1 Rxc1 26. Rxc1 Nd3 27. Rb1 Bf6 28. Be3 h6 29. a4 Rb8 30. Ne4 Rxb2 31. Rd1 Rb3 32. Nxf6+ gxf6 33. Bxh6 Ra3 34. Be3 Kg7 35. h4 Nb2 36. Bc1 Ra1 37. Bh6+ 1-0

[Event "49th Rilton Cup 2019-20"]
[Site "Stockholm"]
[Date "2019.12.30"]
[Round "4.22"]
[White "Ranaldi, Lucas"]
[Black "Pavlovic, Milos"]
[Result "1/2-1/2"]
[ECO "A20"]
[WhiteElo "2296"]
[BlackElo "2480"]
[Annotator "ChessBase"]
[PlyCount "93"]
[EventDate "2019.12.27"]
[EventType "swiss"]
[EventCountry "SWE"]
[SourceTitle "playchess.com"]
[Source "ChessBase"]
[SourceQuality "1"]
[TimeControl "40/5400+30:1800+30"]

1. c4 e5 2. g3 d6 3. Nc3 f5 4. d4 Be7 5. Bh3 exd4 6. Qxd4 Nf6 7. Bg2 Nc6 8. Qd2 Ne5 9. b3 c6 10. Bb2 O-O 11. Nf3 Qe8 12. e3 a6 13. Qe2 b5 14. O-O Rb8 15. Rad1 Nxf3+ 16. Bxf3 Be6 17. cxb5 axb5 18. Qc2 d5 19. a4 bxa4 20. Nxa4 Ne4 21. Bd4 Rc8 22. Nc5 Bd6 23. Bg2 Rf7 24. Rc1 Bxc5 25. Bxc5 Rb7 26. b4 Nxc5 27. Qxc5 Qf8 28. Rc3 Rxb4 29. Rfc1 Rb5 30. Qxf8+ Kxf8 31. Rxc6 Rxc6 32. Rxc6 Rb1+ 33. Bf1 Bd7 34. Rc5 f4 35. g4 Bxg4 36. Kg2 f3+ 37. Kg3 Bh5 38. Rxd5 Bf7 39. Bc4 Rg1+ 40. Kxf3 Bxd5+ 41. Bxd5 Ke7 42. Be4 h5 43. Bf5 Kf6 44. Bd7 g5 45. h3 Ke5 46. Bc8 Rc1 47. Bd7 1/2-1/2

[Event "49th Rilton Cup 2019-20"]
[Site "Stockholm"]
[Date "2019.12.30"]
[Round "4.23"]
[White "Seo, Jung Min"]
[Black "Chernyak, Viktoria"]
[Result "0-1"]
[ECO "B12"]
[WhiteElo "2444"]
[BlackElo "2284"]
[Annotator "NA"]
[PlyCount "138"]
[EventDate "2019.12.27"]
[EventType "swiss"]
[EventCountry "SWE"]
[SourceTitle "playchess.com"]
[Source "ChessBase"]
[SourceQuality "1"]
[TimeControl "40/5400+30:1800+30"]

1. e4 c6 2. d4 d5 3. e5 Bf5 4. Nd2 e6 5. Nb3 Nd7 6. Nf3 Rc8 7. Be2 c5 8. dxc5 Bxc5 9. Nxc5 Nxc5 10. Nd4 Ne7 11. O-O O-O 12. c3 a6 13. Be3 Qc7 14. f4 h6 15. Rc1 b5 16. Qd2 Bh7 17. Rfd1 Be4 18. Rf1 Qd7 19. Rfd1 Rc7 20. b4 Na4 21. Nb3 Qc6 22. Nc5 Nxc5 23. Bxc5 Re8 24. Bf1 Nc8 25. Qf2 Rb7 26. Re1 Nb6 27. Re3 Nc4 28. Rg3 Kh7 29. Bd4 Rg8 30. Be2 Qe8 31. Re1 Rc7 32. Bg4 Qc8 33. h4 g6 34. h5 gxh5 35. Bxh5 Rxg3 36. Qxg3 Qg8 37. Qf2 Bf5 38. Bd1 Qg6 39. Kh2 Bg4 40. Bc2 Bf5 41. Bd1 Bg4 42. Bxg4 Qxg4 43. Rf1 Qh5+ 44. Kg1 Qf5 45. Qh4 Rc8 46. Rf3 Rg8 47. Rh3 Rg6 48. Rg3 Nd2 49. Rxg6 Qxg6 50. Kh2 Qf5 51. Bc5 Ne4 52. Bd4 h5 53. Kg1 Qg4 54. Qxg4 hxg4 55. Kf1 Kg6 56. Ke2 Kf5 57. Ke3 Ng3 58. Ba7 Nh5 59. Kd4 Nxf4 60. Kc5 Nxg2 61. Kb6 Ne3 62. Kxa6 Ke4 63. Kxb5 g3 64. a4 g2 65. Bxe3 Kxe3 66. a5 g1=Q 67. a6 Kd3 68. Kc6 Kxc3 69. b5 Qa7 0-1

[Event "49th Rilton Cup 2019-20"]
[Site "Stockholm"]
[Date "2019.12.30"]
[Round "4.24"]
[White "Piesik, Piotr"]
[Black "Foisor, Sabina-Francesca"]
[Result "1-0"]
[ECO "D37"]
[WhiteElo "2417"]
[BlackElo "2274"]
[Annotator "NA"]
[PlyCount "187"]
[EventDate "2019.12.27"]
[EventType "swiss"]
[EventCountry "SWE"]
[SourceTitle "playchess.com"]
[Source "ChessBase"]
[SourceQuality "1"]
[TimeControl "40/5400+30:1800+30"]

1. d4 d5 2. c4 e6 3. Nf3 Nf6 4. Nc3 dxc4 5. Qa4+ Bd7 6. Qxc4 Bc6 7. Bg5 Bxf3 8. gxf3 Nc6 9. O-O-O Qd6 10. e4 Qb4 11. e5 h6 12. Bh4 g5 13. Bg3 Nd5 14. Nxd5 exd5 15. Qxd5 Rd8 16. Qb5 h5 17. h4 gxh4 18. Rxh4 Be7 19. Re4 h4 20. Bh2 Qxb5 21. Bxb5 a6 22. Ba4 b5 23. Bb3 Na5 24. Bc2 c6 25. e6 Bd6 26. Rh1 Bxh2 27. Rxh2 fxe6 28. Rxe6+ Kd7 29. Re4 Rdf8 30. Bd1 h3 31. f4 Rh4 32. Rxh3 Rhxf4 33. f3 Nc4 34. Rh7+ Kd6 35. Be2 R8f7 36. Rh4 Rxh4 37. Rxh4 Kd5 38. b3 Ne3 39. Kd2 Ng2 40. Re4 Nf4 41. Bd1 a5 42. Be2 Rf6 43. a4 Nxe2 44. Kxe2 bxa4 45. bxa4 Kc4 46. Ke3 Kb3 47. Re8 Kxa4 48. Rb8 Re6+ 49. Kd3 Rf6 50. Ke4 Re6+ 51. Kf5 Re3 52. f4 Ka3 53. Rb6 a4 54. Rxc6 Kb2 55. d5 a3 56. Rb6+ Kc2 57. d6 a2 58. Ra6 Kb2 59. d7 Rd3 60. Ke6 a1=Q 61. Rxa1 Kxa1 62. f5 Re3+ 63. Kf7 Rd3 64. Ke7 Re3+ 65. Kf8 Rd3 66. Ke8 Re3+ 67. Kd8 Rf3 68. f6 Kb2 69. Kc7 Rc3+ 70. Kb6 Rb3+ 71. Kc5 Rc3+ 72. Kd4 Kc2 73. f7 Rd3+ 74. Ke4 Rxd7 75. f8=Q Rd2 76. Qc5+ Kd1 77. Qc4 Re2+ 78. Kd3 Rd2+ 79. Ke3 Rb2 80. Qd3+ Kc1 81. Qc3+ Kb1 82. Kd3 Ka2 83. Qd4 Kb3 84. Qc3+ Ka2 85. Qa5+ Kb1 86. Qa4 Rh2 87. Qb3+ Rb2 88. Qd1+ Ka2 89. Kc3 Rh2 90. Qa4+ Kb1 91. Qb5+ Ka1 92. Qa6+ Kb1 93. Qb6+ Ka2 94. Qa7+ 1-0

[Event "49th Rilton Cup 2019-20"]
[Site "Stockholm"]
[Date "2019.12.31"]
[Round "5.13"]
[White "Ajay Krishna, S."]
[Black "Oratovsky, Michael"]
[Result "0-1"]
[ECO "E68"]
[WhiteElo "2302"]
[BlackElo "2423"]
[Annotator "ChessBase"]
[PlyCount "104"]
[EventDate "2019.12.27"]
[EventType "swiss"]
[EventCountry "SWE"]
[SourceTitle "playchess.com"]
[Source "ChessBase"]
[SourceQuality "1"]
[TimeControl "40/5400+30:1800+30"]

1. Nf3 d6 2. d4 Nf6 3. g3 g6 4. Bg2 Bg7 5. O-O O-O 6. c4 Nbd7 7. Nc3 e5 8. e4 c6 9. b3 Re8 10. Bb2 exd4 11. Nxd4 Nc5 12. Qc2 a5 13. Rad1 Qb6 14. Nde2 a4 15. Nc1 a3 16. Ba1 Nfxe4 17. Bxe4 Nxe4 18. Nxe4 Bxa1 19. Nxd6 Re7 20. c5 Qc7 21. Nd3 Bf6 22. Qc4 Be6 23. Qb4 Bg7 24. Nf4 Qa5 25. Qxa5 Rxa5 26. Nxe6 Rxe6 27. Nxb7 Rb5 28. Nd6 Rxc5 29. Nc4 Rd5 30. Ne3 Rdd6 31. Rxd6 Rxd6 32. Nc4 Re6 33. Rd1 Re2 34. Rd2 Re1+ 35. Kg2 Bc3 36. Rd8+ Kg7 37. Nxa3 Re2 38. Nb1 Ba5 39. Ra8 Bb6 40. Ra6 Rxf2+ 41. Kg1 Be3 42. Kh1 Rf1+ 43. Kg2 Rxb1 44. Rxc6 Rb2+ 45. Kf3 Bg1 46. Rc1 Ba7 47. Rc7 Rxa2 48. b4 Bg1 49. h4 Rb2 50. Rc4 Rb3+ 51. Kg2 Be3 52. g4 Bd2 0-1

[Event "49th Rilton Cup 2019-20"]
[Site "Stockholm"]
[Date "2019.12.31"]
[Round "5.15"]
[White "Tsyhanchuk, Stanislav"]
[Black "Keinanen, Toivo"]
[Result "0-1"]
[ECO "C11"]
[WhiteElo "2357"]
[BlackElo "2447"]
[Annotator "ChessBase"]
[PlyCount "128"]
[EventDate "2019.12.27"]
[EventType "swiss"]
[EventCountry "SWE"]
[SourceTitle "playchess.com"]
[Source "ChessBase"]
[SourceQuality "1"]
[TimeControl "40/5400+30:1800+30"]

1. e4 e6 2. d4 d5 3. Nc3 Nf6 4. Bg5 dxe4 5. Nxe4 Nbd7 6. g3 Be7 7. Nxf6+ Bxf6 8. Bxf6 Qxf6 9. Bg2 O-O 10. Nf3 e5 11. O-O e4 12. Ne1 Qg6 13. Qe2 Nf6 14. f3 Qh5 15. Rf2 Qh6 16. Qc4 c6 17. Re2 Be6 18. Qb4 Qh5 19. Qd2 c5 20. g4 Qg6 21. g5 e3 22. Qxe3 cxd4 23. Qe5 Nd7 24. Qxd4 Qxg5 25. Rxe6 fxe6 26. Qxd7 Qe3+ 27. Kh1 Rad8 28. Qxb7 Rd2 29. Nd3 Rxc2 30. Qe4 Qxe4 31. fxe4 Rd2 32. Nc5 Rff2 33. Bf1 Rxb2 34. Bc4 Rxh2+ 35. Kg1 Rbg2+ 36. Kf1 Rc2 37. Bxe6+ Kf8 38. Kg1 Rhg2+ 39. Kh1 Rh2+ 40. Kg1 Rh6 41. Rf1+ Ke7 42. Rf5 Rg6+ 43. Kf1 Rf6 44. Rxf6 Kxf6 45. Nb3 Rxa2 46. Bg8 h5 47. Nc5 Ra5 48. Nd3 g5 49. Bd5 Ra3 50. Ke2 h4 51. e5+ Ke7 52. Nb4 Rc3 53. Kd2 Rc5 54. Kd3 Rxd5+ 55. Nxd5+ Ke6 56. Ne3 Kxe5 57. Ke2 Kd4 58. Kd2 a5 59. Nc2+ Ke4 60. Ke2 a4 61. Kf2 Kd3 62. Nb4+ Kc4 63. Nc2 Kb3 64. Nd4+ Kb2 0-1

[Event "49th Rilton Cup 2019-20"]
[Site "Stockholm"]
[Date "2019.12.31"]
[Round "5.16"]
[White "Sidhant, Mohapatra"]
[Black "Piesik, Piotr"]
[Result "1/2-1/2"]
[ECO "A05"]
[WhiteElo "2338"]
[BlackElo "2417"]
[Annotator "ChessBase"]
[PlyCount "29"]
[EventDate "2019.12.27"]
[EventType "swiss"]
[EventCountry "SWE"]
[SourceTitle "playchess.com"]
[Source "ChessBase"]
[SourceQuality "1"]
[TimeControl "40/5400+30:1800+30"]

1. Nf3 Nf6 2. d4 e6 3. Bf4 b6 4. e3 Bb7 5. Bd3 d6 6. h3 Nbd7 7. O-O Qe7 8. Bh2 g6 9. a4 a5 10. Na3 Bg7 11. Nb5 Rc8 12. Na7 Ra8 13. Nb5 Rc8 14. Na7 Ra8 15. Nb5 1/2-1/2

[Event "49th Rilton Cup 2019-20"]
[Site "Stockholm"]
[Date "2019.12.31"]
[Round "5.17"]
[White "Chernyak, Viktoria"]
[Black "Leenhouts, Koen"]
[Result "1/2-1/2"]
[ECO "A49"]
[WhiteElo "2284"]
[BlackElo "2415"]
[Annotator "ChessBase"]
[PlyCount "89"]
[EventDate "2019.12.27"]
[EventType "swiss"]
[EventCountry "SWE"]
[SourceTitle "playchess.com"]
[Source "ChessBase"]
[SourceQuality "1"]
[TimeControl "40/5400+30:1800+30"]

1. d4 Nf6 2. Nf3 g6 3. g3 Bg7 4. Bg2 O-O 5. O-O d5 6. c4 dxc4 7. Na3 c3 8. bxc3 c5 9. Nc4 Nc6 10. Ba3 Nd5 11. Rc1 cxd4 12. cxd4 Nb6 13. e3 Nxc4 14. Rxc4 Be6 15. Rc2 Bf5 16. Rc3 Be4 17. Qe2 Qa5 18. Rfc1 Rfd8 19. Rb3 Rac8 20. Rc5 Qa4 21. Ng5 Bxg2 22. Kxg2 b6 23. Rc1 h6 24. Nf3 e5 25. dxe5 Nxe5 26. Nxe5 Bxe5 27. e4 h5 28. Rxc8 Rxc8 29. Bb4 a5 30. Be7 Qc6 31. Rb5 Bg7 32. Bg5 Re8 33. f3 Bd4 34. Rb3 Re5 35. Qd2 Rxg5 36. Qxd4 Rc5 37. Qd8+ Kh7 38. Rxb6 Rc2+ 39. Kh3 Qc4 40. Rb8 Qe6+ 41. g4 Qe5 42. Qg8+ Kh6 43. Qh8+ Qxh8 44. Rxh8+ Kg7 45. Ra8 1/2-1/2

[Event "49th Rilton Cup 2019-20"]
[Site "Stockholm"]
[Date "2019.12.31"]
[Round "5.19"]
[White "Eggleston, David J"]
[Black "Abdrlauf, Elham"]
[Result "0-1"]
[ECO "C11"]
[WhiteElo "2404"]
[BlackElo "2328"]
[Annotator "ChessBase"]
[PlyCount "108"]
[EventDate "2019.12.27"]
[EventType "swiss"]
[EventCountry "SWE"]
[SourceTitle "playchess.com"]
[Source "ChessBase"]
[SourceQuality "1"]
[TimeControl "40/5400+30:1800+30"]

1. e4 e6 2. d4 d5 3. Nc3 Nf6 4. e5 Nfd7 5. f4 c5 6. Nf3 Nc6 7. Be3 b6 8. Qd2 Be7 9. Bb5 Bb7 10. O-O Qc7 11. f5 O-O-O 12. fxe6 fxe6 13. Bxc6 Qxc6 14. Bg5 Rde8 15. Bxe7 Rxe7 16. a3 Kb8 17. b4 cxb4 18. axb4 Rc8 19. Ra3 Rf7 20. b5 Qc4 21. Rfa1 Nf8 22. Rb3 h6 23. Ra4 Qc7 24. Rba3 Ba8 25. Ne1 Ng6 26. Nd3 Rcf8 27. h3 Qd8 28. Ne2 Qh4 29. Kh2 Qe7 30. Ng3 Nh4 31. c3 Rd8 32. Qa2 Rd7 33. Ra6 Qd8 34. R3a4 Qc7 35. Nb4 Kc8 36. Qb2 Kd8 37. Qc2 Ke8 38. Qh7 Qxc3 39. Qg8+ Ke7 40. Qxa8 Nf3+ 41. gxf3 Qd2+ 42. Kh1 Rxf3 43. Ra1 Rxg3 44. Nc6+ Kf7 45. Rf1+ Kg6 46. Rg1 Rxg1+ 47. Kxg1 Rf7 48. Qe8 Qf2+ 49. Kh1 Kh7 50. Ra2 Qe1+ 51. Kg2 Rf1 52. Qxe6 Rg1+ 53. Kf3 Rg3+ 54. Kf4 Qe3+ 0-1

[Event "49th Rilton Cup 2019-20"]
[Site "Stockholm"]
[Date "2019.12.31"]
[Round "5.20"]
[White "Chan, Kim Yew"]
[Black "Lindberg, Bengt"]
[Result "1-0"]
[ECO "A05"]
[WhiteElo "2245"]
[BlackElo "2401"]
[Annotator "ChessBase"]
[PlyCount "69"]
[EventDate "2019.12.27"]
[EventType "swiss"]
[EventCountry "SWE"]
[SourceTitle "playchess.com"]
[Source "ChessBase"]
[SourceQuality "1"]
[TimeControl "40/5400+30:1800+30"]

1. Nf3 Nf6 2. g3 d5 3. Bg2 e6 4. O-O Be7 5. c4 O-O 6. d4 dxc4 7. Ne5 Nc6 8. Bxc6 bxc6 9. Nxc6 Qe8 10. Nxe7+ Qxe7 11. Na3 e5 12. dxe5 Qxe5 13. Nxc4 Qh5 14. e4 Ng4 15. h4 Be6 16. Ne3 Qg6 17. Nxg4 Bxg4 18. Qd3 Rad8 19. Qe3 Rfe8 20. Re1 Qa6 21. Bd2 h5 22. Bc3 f6 23. Qc5 Qb7 24. Qc4+ Kh8 25. Re3 Rd7 26. Rae1 Kh7 27. e5 fxe5 28. Bxe5 Bh3 29. Qc2+ Kg8 30. f3 Re6 31. Kh2 Rxe5 32. Rxe5 Qxf3 33. Kxh3 Rd3 34. Qg2 Qg4+ 35. Kh2 1-0